 Dungeon Crawl Stone Soup version 0.20-a0-1040-gfd09691 (webtiles) character file.

80 jrtrd the Caller (level 4, 0/24 HPs)
             Began as a Tengu Summoner on Apr 24, 2017.
             Slain by an adder (2 damage)
             ... on level 5 of the Dungeon.
             The game lasted 00:21:20 (1579 turns).

jrtrd the Caller (Tengu Summoner)                   Turns: 1579, Time: 00:21:21

Health: 0/24       AC:  2    Str: 14    XL:     4   Next: 39%
Magic:  2/9        EV: 12    Int: 16    God:
Gold:   105        SH:  0    Dex: 14    Spells: 3/9 levels left

rFire    . . .     SeeInvis .   n - +0 spear
rCold    . . .     Gourm    .   (no shield)
rNeg     . . .     Faith    .   a - +0 robe
rPois    .         Spirit   .   (helmet restricted)
rElec    .         Reflect  .   (no cloak)
rCorr    .         Harm     .   (no gloves)
MR       .....                  (boots unavailable)
Stlth    ++........             (no amulet)
Regen    0.1/turn               (no ring)
MPRegen  0.2/turn               (no ring)

@: mighty
A: beak, talons 3
a: no special abilities


You were on level 5 of the Dungeon.
You were not hungry.

You visited 1 branch of the dungeon, and saw 5 of its levels.

You collected 105 gold pieces.

Inventory:

Hand Weapons
 n - a +0 spear (weapon)
Missiles
 d - 13 poisoned needles
Armour
 a - a +0 robe (worn)
 l - a +0 large shield
 o - a +0 ring mail
Scrolls
 i - 2 scrolls of fear
 k - a scroll of fog {unknown}
 m - a scroll of enchant weapon
 s - a scroll of remove curse {unknown}
Potions
 j - a potion of might
Books
 b - a book of Callings

   Spells                             Type                      Level
   a - Summon Small Mammal            Summoning                    1
   b - Call Imp                       Summoning                    2
   c - Call Canine Familiar           Summoning                    3
   d - Summon Guardian Golem          Hexes/Summoning              3
   e - Summon Lightning Spire         Summoning/Air                4
   f - Summon Ice Beast               Ice/Summoning                4
 p - a book of Changes

   Spells                             Type                      Level
   a - Beastly Appendage              Transmutation                1
   b - Sticks to Snakes               Transmutation                2
   c - Spider Form                    Transmutation/Poison         3
   d - Ice Form                       Ice/Transmutation            4
   e - Blade Hands                    Transmutation                5
Comestibles
 c - 2 bread rations
 f - a meat ration
 h - 2 royal jellies
 r - a chunk of flesh


   Skills:
 - Level 2.1 Dodging
 - Level 2.0 Stealth
 + Level 3.0 Spellcasting
 - Level 6.2 Summonings


You had 3 spell levels left.
You knew the following spells:

 Your Spells              Type           Power        Failure   Level  Hunger
a - Summon Small Mammal   Summ           ###.         1%          1    #......
b - Call Imp              Summ           ###.....     2%          2    ##.....
c - Call Canine Familiar  Summ           ###.....     4%          3    ###....


Dungeon Overview and Level Annotations

Branches:
Dungeon (5/15)
 Temple: D:4-7

Altars:
Gozag
Zin

Annotations:
D:3 winWinterter's ghost, amateur BaSu
D:5 Sigmund


Innate Abilities, Weirdness & Mutations

You have a beak for a mouth.
You have claws for feet.


Message History

You swap places.
Your white imp gestures at Sigmund.
The puff of frost hits Sigmund.
Your white imp disappears in a puff of smoke!
Your hound barely misses Sigmund.
An adder comes into view.
Your hound barely misses Sigmund.
Sigmund points at you and mumbles some strange words.
The puff of flame hits you!
* * * LOW HITPOINT WARNING * * *
Your hound misses Sigmund.
Okay, then.
Your hound bites Sigmund.
Your hound bites Sigmund but does no damage.
Your hound bites Sigmund.
Your hound bites Sigmund.
Your hound bites Sigmund.
There is a stone staircase leading up here.
The adder bites you.
You die...

......# #..)....#
#...###.......##
#.............^#
#............).#
###.#..........#####
#.#.#............#
....@.#.##...h@#.###.#
.####.....#....S.....#
#.S...####.#@.#..#
#..... #.##.#..#
#..... #.##.#..#
#.....# #.......#
####### #.##.#..#
#.......# ####.####
#.#


You could see Sigmund, an adder and a friendly hound.

Vanquished Creatures
  A worm (D:3)
  An orc (D:3)
  A bat (D:3)
  2 frilled lizards
  2 kobolds (D:3)
  2 rats (D:2)
9 creatures vanquished.

Vanquished Creatures (collateral kills)
  A worker ant (D:5)
  An adder (D:3)
  3 gnolls (D:3)
  2 dart slugs (D:1)
  3 leopard geckos
  2 ball pythons (D:2)
  2 giant cockroaches (D:1)
  5 goblins
  6 hobgoblins
  10 jackals
  4 kobolds
  A quokka (D:2)
  4 bats
  3 frilled lizards
  5 rats
52 creatures vanquished.

Grand Total: 61 creatures vanquished

Notes
Turn   | Place    | Note
-------+----------+-------------------------------------------
     0 | D:1      | jrtrd the Tengu Summoner began the quest for the Orb.
     0 | D:1      | Reached XP level 1. HP: 10/10 MP: 4/4
   235 | D:1      | Reached skill level 5 in Summonings
   277 | D:1      | Reached XP level 2. HP: 11/15 MP: 3/6
   284 | D:1      | Learned a level 2 spell: Call Imp
   719 | D:2      | Reached XP level 3. HP: 19/19 MP: 5/7
   751 | D:2      | Learned a level 3 spell: Call Canine Familiar
  1109 | D:3      | Noticed winWinterter's ghost (amateur BaSu)
  1112 | D:3      | Reached skill level 6 in Summonings
  1186 | D:2      | Reached XP level 4. HP: 24/24 MP: 3/9
  1219 | D:2      | Found a glowing silver altar of Zin.
  1219 | D:2      | Found an opulent altar of Gozag.
  1519 | D:4      | You fall through a shaft!
  1519 | D:5      | Entered Level 5 of the Dungeon
  1563 | D:5      | Noticed Sigmund
  1571 | D:5      | HP: 1/24 [Sigmund/puff of flame (9)]
  1579 | D:5      | Slain by an adder

Vault maps used:
D:1:      sevenhm_arrival_forest_fort_large_1
D:2:      grunt_temple_overflow_gold_and_silver
D:3:      lightli_sewer_entry_pipes, uniq_grinder
D:4:      first_bread
D:5:      uniq_sigmund

Skill      XL: |  1  2  3  4 |
---------------+-------------+-----
Summonings     | 5 6 |  6.2
Spellcasting   | 3 |  3.0
Dodging        | |  2.1
Stealth        | |  2.0

Action                   |  1- 3 |  4- 6 || total
-------------------------+-------+-------++-------
Melee: Unarmed           |    18 |       ||    18
       Kick              |     4 |       ||     4
       Peck              |     2 |       ||     2
       Spear             |    11 |    24 ||    35
 Cast: Summon Small Mamm |    31 |       ||    31
       Call Imp          |    23 |     4 ||    27
       Call Canine Famil |     4 |     6 ||    10
  Use: Scroll            |       |     4 ||     4
       Potion            |       |     2 ||     2
 Stab: Sleeping          |     1 |     1 ||     2
  Eat: Chunk             |     3 |     2 ||     5
Armor: Robe              |    16 |     4 ||    20
Dodge: Dodged            |    44 |     2 ||    46
